Match 47372278
Unlisted

Match 47372278
End
Vickers Machine Gun Team
Construct Section Command Post
Dingo Light Scout Car
Infantry Section
Infantry Section
Construct Platoon Command Post
Humber Armored Car
Selects Air and Sea Battlegroup
Selects Supply Surplus
Construct Field Infirmary
6-pounder Anti-tank Gun Team
Selects Commando Section Paradrop
Selects M1 Pack Howitzer Paradrop
Commando Section Paradrop
Infantry Section
Construct Company Command Post
Commando Section Paradrop
Selects Anti-tank Rocket Loiter
Anti-tank Rocket Loiter
Commando Section Paradrop
TavernelloIndustries®
NanoLoki
bogispielt
borys771
Rain&Summer
亚洲力量弹簧勾八
lemyou1
长崎家爱音
0
0

Comments sign in to comment!

No comments posted yet!